 Dungeon Crawl Stone Soup version 0.31-a0-426-g3a05650e59 (webtiles) character file.

Game seed: 12407988837089577793

20730 floatRand the Brawler (level 12, 0/83 HPs)
             Began as a Pale Draconian Shapeshifter on July 31, 2023.
             Was a Priest of Wu Jian.
             Slain by Urug
             ... wielding a +2 great sword
              (21 damage)
             ... on level 12 of the Dungeon.
             The game lasted 00:20:06 (13819 turns).

floatRand the Brawler (DrSh)                       Turns: 13819, Time: 00:20:06

Health: 0/83       AC:  8    Str: 24    XL:     12   Next: 47%
Magic:  12/12      EV: 14    Int:  8    God:    Wu Jian [***...]
Gold:   834        SH:  0    Dex: 17    Spells: 11/11 levels left

rFire   + +          +
                       - Unarmed
rCold   . . .        (no shield)
rNeg    . . .        (body armour unavailable)
rPois   .            (helmet currently unavailable)
rElec   .            (cloak currently unavailable)
rCorr   .            (gloves currently unavailable)
SInv    .            (boots currently unavailable)
Will    .....        a - amulet of Hoodor {Acrobat +Inv rF+++}
Stlth   +++          v - +6 ring of strength
HPRegen 0.33/turn    (no ring)
MPRegen 0.13/turn

%: acrobat
@: mighty, short of breath, beast-form
A: beast (slay +7), breathe steam, AC +8, unfitting armour, cold-blooded, steam
resistance
a: Breathe Steam, Begin Untransformation, Renounce Religion, Evoke Invisibility,
Wall Jump, Serpent's Lash


You were on level 12 of the Dungeon.
You worshipped Wu Jian.
Wu Jian was most pleased with you.
You were a hulking beast.
You visited 2 branches of the dungeon, and saw 13 of its levels.

You collected 834 gold pieces.

Inventory:

Missiles
 z - 3 throwing nets
Armour
 e - a +0 pair of gloves
 g - a +1 cloak
 n - the +3 hat of Pondering {ponderous, Will+ MP+10 Int+5}
   (You took it off Gastronok on level 8 of the Dungeon)

   Int:       It affects your intelligence (+5).
   MP:        It affects your magic capacity (+10).
   Will:      It increases your willpower.
 t - a scarf of resistance
Jewellery
 a - the amulet of Hoodor (around neck) {Acrobat +Inv rF+++}
   (You took it off a tengu warrior on level 9 of the Dungeon)

   [amulet of the acrobat]

   It increases your evasion while moving and waiting.
   rF:        It renders you almost immune to fire.
   +Inv:      It lets you turn invisible.
 i - an amulet of magic regeneration
 v - a +6 ring of strength (left hand)
 x - an amulet of reflection
 F - a +4 ring of slaying
 I - an amulet of guardian spirit
Talismans
 b - a beast talisman (active)
 G - a serpent talisman
Wands
 m - a wand of iceblast (1)
 s - a wand of paralysis (16)
 B - a wand of polymorph (11)
 C - a wand of mindburst (9)
 J - a wand of flame (7)
Scrolls
 h - 3 scrolls of amnesia
 p - 2 scrolls of teleportation
 r - 2 scrolls of fog
 A - 2 scrolls of poison
 K - a scroll of enchant weapon {unknown}
Potions
 c - 3 potions of enlightenment
 d - a potion of resistance
 f - a potion of ambrosia
 j - a potion of cancellation
 o - 2 potions of mutation
 q - 2 potions of magic {unknown}
 u - a potion of haste {unknown}
 D - a potion of curing {unknown}
 E - a potion of brilliance {unknown}
 H - a potion of attraction
 L - a potion of heal wounds {unknown}
Miscellaneous
 l - a tin of tremorstones (2/2)
 y - a phial of floods


   Skills:
 - Level 1.1 Fighting
 + Level 4.7 Dodging
 + Level 4.7 Stealth
 * Level 15.9 Unarmed Combat
 + Level 3.5 Evocations
 + Level 10.1 Shapeshifting


You had 11 spell levels left.
You didn't know any spells.
Your spell library contained the following spells:

 Spells                   Type           Power      Damage    Failure   Level
 Slow                     Hex            0%         N/A       41%         1
 Sting                    Tmut/Pois      0%         1d3       41%         1
 Summon Small Mammal      Summ           0%         N/A       41%         1
 Cigotuvi's Dreadful Rot  Necr/Pois/Air  0%         N/A       54%         2
 Poisonous Vapours        Pois/Air       0%         N/A       54%         2
 Call Canine Familiar     Summ           0%         N/A       78%         3
 Confusing Touch          Hex            0%         N/A       78%         3
 Ignite Poison            Fire/Tmut/Pois 0%         N/A       78%         3
 Summon Guardian Golem    Hex/Summ       0%         N/A       78%         3
 Vampiric Draining        Necr           0%         2d6       78%         3
 Leda's Liquefaction      Hex/Erth       0%         N/A       99%         4
 Olgreb's Toxic Radiance  Pois           0%         N/A       99%         4
 Passage of Golubria      Tloc           0%         N/A       99%         4
 Summon Lightning Spire   Summ/Air       0%         N/A       99%         4
 Freezing Cloud           Conj/Ice/Air   0%         6-21      100%        5
 Lee's Rapid Deconstruct  Erth           0%         3d4*      100%        5
 Silence                  Hex/Air        0%         N/A       100%        5
 Leda's Unmaking          Conj/Erth      0%         9d1       100%        6
 Lehudib's Crystal Spear  Conj/Erth      0%         10d2      100%        8
 Animate Armour           Summ/Erth      Unusable   N/A       N/A         4

Dungeon Overview and Level Annotations

Branches:
Dungeon (12/15)            Temple (1/1) D:7            Lair (0/5) D:10
    Orc (0/2) D:10

Altars:
Ashenzari
Cheibriados
Dithmenos
Elyvilon
Fedhas
Gozag
Hepliaklqana
Kikubaaqudgha
Makhleb
Nemelex Xobeh
Okawaru
Qazlal
Ru
Sif Muna
Trog
Uskayaw
Vehumet
Wu Jian
Xom
Yredelemnul
Zin
The Shining One

Portals:
Abyss: D:4

Annotations:
D:4 2 transporters, qborf's ghost, novice SpHs
D:12 Urug


Innate Abilities, Weirdness & Mutations

You are a hulking beast.
Your limbs bulge with bestial killing power. (Slay +7)
You can breathe blasts of scalding, opaque steam.
Your pale cyan-grey scales are hard. (AC +8)
You cannot fit into any form of body armour.
You are cold-blooded and may be slowed by cold attacks.
You are immune to the effects of steam.


Message History

HP restored.
You see here 6 poisoned darts.
You see here a +0 club.
Urug the Orcish Ballista comes into view.
She is wielding a +2 great sword.
Urug screams, "Payback for my eye!"
Urug is nearby!
Urug is nearby!
Urug is nearby!
Urug is nearby!
You start waiting.
Urug is nearby!
You exhale a blast of scalding steam.
The ball of steam misses Urug.
You barely miss Urug.
Unknown command.
You hit Urug.
Urug is lightly wounded.
Urug hits you with a +2 great sword!!
You hit Urug.
Your tail-slap misses Urug.
You punch Urug!
Urug is moderately wounded.
Urug hits you with a +2 great sword!
Unknown command.
You punch Urug!
Urug is heavily wounded.
Urug closely misses you.
Unknown command.
You hit Urug but do no damage.
Urug is heavily wounded.
You hit Urug.
Urug is heavily wounded.
Urug hits you with a +2 great sword!!
Okay, then.
Okay, then.
Okay, then.
You feel very mighty all of a sudden. Urug hits you with a +2 great sword!
* * * LOW HITPOINT WARNING * * *
You punch Urug!
Your tail-slap misses Urug.
Urug is severely wounded.
Urug hits you with a +2 great sword!!
You die...

#.# .# ###.....#.....#.# #.# ###
.###.#......#......#. #.# #..
##o....#.....#.....##. #.# #.#
#......#......#.###.#. #.# #.#
#.....#.....###....)# #.#####.#
#......#.###.#......# #.....#.#
#.....###.....#...z.#
#####.#.#####.###.#......#......
#.#...####oh...#..>..#.....#
#.......#......#......#.###.
#####.####)....#.....###)... #.#
#......#.###.#...§. #.#
#.)...###.....#...§ #.#
##.###.#......#..§. #.#
##.....#.....#.... #)#
##.(....#......#.## #.#
#.#....[#.....###..


You could see Urug.

Vanquished Creatures
  Gastronok (D:8)
  A hydra (D:9)
  4 two-headed ogres
  2 tengu warriors (D:9)
  A skeletal warrior (D:12)
  2 ugly things (D:9)
  2 cyclopes
  2 manticores
  A komodo dragon (D:9)
  A hornet (D:9)
  3 trolls
  3 shadows
  A wraith (D:10)
  3 wyverns
  26 yaks
  Grum (D:9)
  2 vampire mosquitoes (D:11)
  A steam dragon (D:8)
  4 acid dragons
  3 water moccasins
  3 orc warriors
  4 ice beasts (D:7)
  An ogre (D:7)
  3 black bears
  3 wolves (D:9)
  3 phantoms
  7 centaurs
  6 kobold brigands
  2 bullfrogs (D:9)
  4 scorpions
  2 gnoll sergeants
  6 wights
  3 troll zombies (D:10)
  7 killer bees
  7 electric eels (D:7)
  A howler monkey (D:8)
  A crimson imp (D:5)
  A jelly (D:7)
  2 orc priests
  6 hounds
  A gnoll bouda (D:5)
  2 sleepcaps (D:6)
  Ijyb (D:3)
  2 iguanas
  Natasha (twice) (D:3)
  10 orc wizards
  3 ogre zombies (D:10)
  17 gnolls
  8 adders
  2 white imps
  2 ufetubi
  A worm (D:2)
  5 dart slugs
  21 orcs
  6 bats
  12 endoplasms
  2 giant cockroaches
  7 goblins
  4 hobgoblins
  9 jackals
  19 kobolds
  3 quokkas
  7 ball pythons
  A frilled lizard (D:3)
  3 hobgoblin zombies (D:10)
  3 orc skeletons (D:10)
  12 orc zombies (D:10)
  5 rats
306 creatures vanquished.

Vanquished Creatures (collateral kills)
  A skeletal warrior (D:12)
1 creature vanquished.

Grand Total: 307 creatures vanquished

Notes
Turn   | Place    | Note
-------+----------+-------------------------------------------
     0 | D:1      | floatRand the Draconian Shapeshifter began the quest for
                  | the Orb.
     0 | D:1      | Reached XP level 1. HP: 16/16 MP: 1/1
   106 | D:1      | Reached XP level 2. HP: 22/23 MP: 2/2
   256 | D:1      | Reached XP level 3. HP: 28/28 MP: 3/3
   493 | D:1      | Reached skill level 4 in Unarmed Combat
  1035 | D:2      | Found a faded altar of an unknown god.
  1566 | D:2      | Reached XP level 4. HP: 35/35 MP: 4/4
  2206 | D:3      | Identified the +11 hand axe "Leviticus" {holy, rF+ Int+3}
  2307 | D:3      | Noticed Ijyb
  2307 | D:3      | Paralysed by Ijyb for 5 turns
  2310 | D:3      | Noticed Natasha
  2539 | D:3      | Killed Ijyb
  2605 | D:3      | Killed Natasha
  2606 | D:3      | Reached skill level 5 in Unarmed Combat
  2666 | D:3      | Noticed Natasha
  2676 | D:3      | Killed Natasha
  2677 | D:3      | Reached XP level 5. HP: 16/40 MP: 5/5
  3183 | D:4      | Noticed qborf's ghost (novice SpHs)
  3188 | D:4      | Found a transporter.
  3188 | D:4      | Found a one-way gate to the infinite horrors of the Abyss.
  3214 | D:4      | Found a blossoming altar of Fedhas.
  3275 | D:4      | Found a transporter.
  3286 | D:4      | Reached skill level 6 in Unarmed Combat
  3286 | D:4      | Reached XP level 6. HP: 30/47 MP: 6/6
  3705 | D:5      | Entered Level 5 of the Dungeon
  3705 | D:5      | Found a radiant altar of Vehumet.
  3866 | D:5      | Found a broken altar of Ashenzari.
  3869 | D:5      | Noticed a water moccasin
  3878 | D:5      | Killed a water moccasin
  3879 | D:5      | Your scales start taking on a pale cyan-grey colour.
  3879 | D:5      | Reached XP level 7. HP: 52/52 MP: 7/7
  3879 | D:5      | Gained mutation: You are immune to the effects of steam.
                  | [Pale Draconian growth]
  3949 | D:5      | Found a burning altar of Makhleb.
  3966 | D:5      | Reached skill level 7 in Unarmed Combat
  4118 | D:5      | Reached skill level 5 in Shapeshifting
  4290 | D:5      | Identified the +3 ring mail of Valour {rPois rF+}
  4714 | D:5      | Reached skill level 8 in Unarmed Combat
  4861 | D:6      | Reached XP level 8. HP: 10/59 MP: 8/8
  5200 | D:6      | Reached skill level 9 in Unarmed Combat
  6318 | D:7      | Found a shadowy altar of Dithmenos.
  6326 | D:7      | Reached skill level 10 in Unarmed Combat
  6472 | D:7      | Reached XP level 9. HP: 64/64 MP: 9/9
  6942 | D:7      | Found a staircase to the Ecumenical Temple.
  7020 | D:7      | Found a glowing golden altar of the Shining One.
  7227 | D:7      | Reached skill level 11 in Unarmed Combat
  7262 | Temple   | Entered the Ecumenical Temple
  7338 | D:7      | Noticed a cyclops
  7351 | D:7      | Killed a cyclops
  7750 | D:8      | Reached skill level 12 in Unarmed Combat
  7757 | D:8      | Reached XP level 10. HP: 52/71 MP: 10/10
  8174 | D:8      | Noticed Gastronok
  8245 | D:8      | Killed Gastronok
  8246 | D:8      | Reached skill level 13 in Unarmed Combat
  8304 | D:8      | Found a basalt altar of Yredelemnul.
  8568 | D:8      | Found an ornate altar of the Wu Jian Council.
  8825 | D:8      | Became a worshipper of the Wu Jian Council
  9159 | D:9      | Noticed Grum
  9179 | D:9      | Killed Grum
  9514 | D:9      | Reached skill level 14 in Unarmed Combat
  9536 | D:9      | Reached XP level 11. HP: 66/77 MP: 11/11
  9719 | D:9      | Noticed a four-headed hydra
  9896 | D:9      | Noticed a tengu warrior
  9902 | D:9      | Killed a tengu warrior
 10013 | D:9      | Noticed a cyan ugly thing
 10013 | D:9      | Noticed a green ugly thing
 10045 | D:9      | Killed a cyan ugly thing
 10163 | D:9      | Killed a four-headed hydra
 10164 | D:9      | Reached skill level 1 in Stealth
 10214 | D:9      | Noticed a two-headed ogre
 10218 | D:9      | Killed a green ugly thing
 10516 | D:9      | Found a hide-covered altar of Uskayaw.
 10517 | D:9      | Noticed a two-headed ogre
 10521 | D:9      | Killed a two-headed ogre
 10526 | D:9      | Reached * piety under Wu Jian
 10673 | D:9      | Identified the amulet of Hoodor {Acrobat +Inv rF+++}
 10673 | D:9      | Noticed a tengu warrior
 10692 | D:9      | Killed a tengu warrior
 10693 | D:9      | Reached skill level 15 in Unarmed Combat
 10867 | D:9      | Killed a two-headed ogre
 10942 | D:9      | Found a bloodstained altar of Trog.
 11109 | D:10     | Entered Level 10 of the Dungeon
 11109 | D:10     | Noticed a two-headed ogre
 11116 | D:10     | Killed a two-headed ogre
 11248 | D:10     | Noticed a two-headed ogre
 11274 | D:10     | Killed a two-headed ogre
 11419 | D:10     | Reached skill level 1 in Evocations
 11497 | D:10     | Found a staircase to the Lair.
 11731 | D:10     | Reached XP level 12. HP: 68/83 MP: 12/12
 11766 | D:10     | Reached ** piety under Wu Jian
 12042 | D:10     | Found a staircase to the Orcish Mines.
 12280 | D:11     | Identified the +3 leather armour of Ufiemog {Str+4}
 12428 | D:11     | Reached skill level 10 in Shapeshifting
 13486 | D:12     | Reached *** piety under Wu Jian
 13803 | D:12     | Noticed Urug
 13819 | D:12     | Slain by Urug

Illustrated notes

Levels and vault maps discovered:
D:1:      dpeg_arrival_tiny_a, layout_loops_corners
D:2:      layout_basic, ebering_ecumenical_altar_petrified,
          nicolae_figureground_pulse
D:3:      layout_basic, uniq_natasha, uniq_ijyb
D:4:      layout_loops_ring, fedhas_altar_1, gammafunk_ghost_abyssal_escape
D:5:      layout_loops_ring, makhleb_grotto_becter, overflow_temple_1_default,
          nicolae_ashenzari_skybound
D:6:      layout_loops_ring, minmay_misc_feat_doors, nrook_pool_corridor
D:7:      cheibrodos_two_vegetables, layout_loops_corners,
          mainiacjoe_overflow_paths, general_overflow_altar,
          minmay_temple_entry_butterflies, kennysheep_donut,
          chequers_serial_rivers_marsh, kennysheep_generic_room_11
D:8:      layout_basic, lemuel_round_altar, nicolae_wu_jian_glorious_leap,
          enter_bailey_6, minmay_splitting_lines, uniq_gastronok
D:9:      layout_roguey, mainiacjoe_overflow_big_doors, minmay_pinched_square,
          uniq_grum
D:10:     layout_roguey, dpeg_oklobed_lair, zombieorc1_lemuel
D:11:     layout_loops_cross
D:12:     nicolae_BIG_FREAKIN_CUBE, layout_loops_ring, uniq_urug
Temple:   minmay_temple_forest_path

Skill      XL: |  1  2  3  4  5  6  7  8  9 10 11 12 |
---------------+-------------------------------------+-----
Unarmed Combat | 4 5 6 8 10 12 14 15 | 15.9
Shapeshifting  | 4 5 6 7 8 9 10 | 10.1
Dodging        | 3 4 |  4.7
Stealth        | 3 4 |  4.7
Evocations     | 1 3 |  3.5
Fighting       | |  1.1

Action                     |  1- 3 |  4- 6 |  7- 9 | 10-12 || total
---------------------------+-------+-------+-------+-------++-------
  Melee: Unarmed           |    99 |   133 |   120 |   245 ||   597
         Tailslap          |     9 |    17 |    20 |    39 ||    85
         Punch             |       |     4 |    11 |    26 ||    41
Ability: Breathe Steam     |       |       |    45 |    73 ||   118
         Lunge             |       |       |       |    21 ||    21
         Whirlwind         |       |       |       |     6 ||     6
    Use: Potion            |       |     1 |       |     4 ||     5
         Scroll            |       |       |     5 |    14 ||    19
   Stab: Sleeping          |     3 |       |       |       ||     3
         Distracted        |       |       |     1 |     1 ||     2
 Armour: Skin              |    23 |    47 |    19 |    28 ||   117
  Dodge: Dodged            |    56 |    93 |    51 |   117 ||   317
  Block: Other             |       |     1 |    23 |    19 ||    43
         Reflection        |       |       |     3 |     2 ||     5

Table legend: (Time is in decaauts)
 A = Elapsed time spent in this place.
 B = Non-inter-level travel time spent in this place.
 C = Inter-level travel time spent in this place.
 D = Time resting spent in this place.
 E = Time spent auto-exploring this place.
 F = Levels seen in this place.
 G = Mean time per level.
                   A        B        C        D        E       F      G
               +--------+--------+--------+--------+--------+-----+--------+
         Total |  13789 |  13349 |    440 |   2593 |   7627 |  13 | 1060.7 |
       Dungeon |  13762 |  13323 |    439 |   2593 |   7627 |  12 | 1146.8 |
        Temple |     27 |     27 |      0 |      0 |      0 |   1 |   27.0 |
               +--------+--------+--------+--------+--------+-----+--------+

Top non-repeatable levels by time:
     D:7: 1930 daAuts
     D:9: 1904 daAuts
     D:8: 1547 daAuts
     D:5: 1174 daAuts
    D:10: 1149 daAuts
     D:3: 1082 daAuts
     D:4: 977 daAuts
     D:1: 941 daAuts
    D:11: 881 daAuts
     D:6: 769 daAuts
     D:2: 759 daAuts
    D:12: 645 daAuts
  Temple: 27 daAuts
